 Dungeon Crawl Stone Soup version 0.28.0-43-g3370ac3207 (webtiles) character file.

Game seed: 8532397423375672104

13 pkoi the Insei (level 2, 0/14 HPs)
             Began as a Spriggan Transmuter on Mar 8, 2022.
             Slain by an ogre
             ... wielding a +0 giant club
              (14 damage)
             ... on level 2 of the Dungeon.
             The game lasted 00:00:47 (960 turns).

pkoi the Insei (Spriggan Transmuter)                 Turns: 960, Time: 00:00:47

Health: 0/14       AC:  9    Str:  6    XL:     2   Next: 24%
Magic:  6/6        EV: 17    Int: 14    God:
Gold:   34         SH:  0    Dex: 15    Spells: 5/6 levels left

rFire   . . .      SeeInvis +   d - +0 mace (protect)
rCold   . . .      Faith    .   (no shield)
rNeg    . . .      Spirit   .   a - +0 robe
rPois   .          Reflect  .   (helmet restricted)
rElec   .          Harm     .   (no cloak)
rCorr   .          Rampage  .   (gloves unavailable)
Will    .....                   (boots unavailable)
Stlth   +.........              (no amulet)
HPRegen 0.04/turn               (no ring)
MPRegen 0.10/turn               (no ring)

@: under a protective aura, very quick
A: very small, no large weapons, unfitting armour, see invisible, speed 3
a: no special abilities


You were on level 2 of the Dungeon.
You visited 1 branch of the dungeon, and saw 2 of its levels.

You collected 34 gold pieces.

Inventory:

Hand Weapons
 d - a +0 mace of protection (weapon)
Missiles
 c - 4 boomerangs
Armour
 a - a +0 robe (worn)
Scrolls
 b - a scroll of blinking {unknown}
 e - a scroll of identify {unknown}
 f - 2 scrolls of teleportation {unknown}
Potions
 g - a potion of might {unknown}
 h - a potion of heal wounds {unknown}


   Skills:
 - Level 0.7 Fighting
 - Level 2.6 Dodging
 + Level 3.1 Unarmed Combat
 - Level 2.6 Spellcasting
 - Level 2.6 Transmutations


You had 5 spell levels left.
You knew the following spells:

 Your Spells              Type           Power      Damage    Failure   Level
a - Beastly Appendage     Tmut           18%        N/A       8%          1

Your spell library contained the following spells:

 Spells                   Type           Power      Damage    Failure   Level
 Wereblood                Tmut           9%         N/A       11%         2
 Spider Form              Tmut/Pois      5%         N/A       36%         3
 Call Canine Familiar     Summ           1%         N/A       54%         3
 Portal Projectile        Hex/Tloc       2%         N/A       54%         3
 Ice Form                 Ice/Tmut       5%         N/A       77%         4
 Leda's Liquefaction      Hex/Erth       0%         N/A       91%         4


Dungeon Overview and Level Annotations

Branches:
Dungeon (2/15)

Altars:


Innate Abilities, Weirdness & Mutations

You are very small and have problems with some larger weapons.
You are too small for most types of armour.
You have supernaturally acute eyesight. (SInv)
You cover ground extremely quickly. (Speed+++)


Message History

You sock the goblin!
You kill the goblin!
No target in view!
No target in view!
No target in view!
No target in view!
No target in view!
No target in view!
No target in view!
No target in view!
Found a fizzy yellow potion.
Things that are here:
a +0 dagger; a goblin corpse
h - a fizzy yellow potion
Found a stone staircase leading up.
No target in view!
Found a rapier.
Found 26 stones.
Found 16 bolts.
No target in view!
No target in view!
No target in view!
You enter the shallow water.
Moving in this stuff is going to be slow.
A hobgoblin comes into view.
A hobgoblin is nearby!
An ogre comes into view. It is wielding a +0 giant club.
The ogre shouts!
The hobgoblin shouts!
You hear an angry hiss.
An adder comes into view.
The adder hisses angrily.
You hit the ogre.
Your weapon exudes an aura of protection.
The ogre is lightly wounded.
A giant cockroach comes into view.
The ogre barely misses you.
You hit the ogre.
The ogre is moderately wounded.
The ogre hits you with a +0 giant club!
Ouch! That really hurt!
You die...

... ##..# .#
.B.# .# #..#
#.## #..##..P##
#:g#.P..(###
#...........
##..P≈≈♣.P.#
#.@.♣≈≈≈..P##
#O#.≈≈≈♣≈...#
#.#P≈♣≈≈♣P(..
#.#..≈≈≈♣≈P#
#S#..≈≈≈≈♣.#
..#P..≈≈≈..####
#.##...P..P....
#. ##♣....####
#P..)#


You could see an ogre, an adder, a giant cockroach and a hobgoblin.

Vanquished Creatures
  3 ball pythons (D:1)
  2 giant cockroaches
  A goblin (D:2)
  2 jackals (D:1)
  A quokka (D:1)
  A bat (D:2)
10 creatures vanquished.

Notes
Turn   | Place    | Note
-------+----------+-------------------------------------------
     0 | D:1      | pkoi the Spriggan Transmuter began the quest for the Orb.
     0 | D:1      | Reached XP level 1. HP: 9/9 MP: 5/5
   425 | D:1      | Found a faded altar of an unknown god.
   620 | D:1      | Reached XP level 2. HP: 14/14 MP: 6/6
   663 | D:1      | Reached skill level 3 in Unarmed Combat
   957 | D:2      | Noticed an ogre
   960 | D:2      | Slain by an ogre

Illustrated notes

Levels and vault maps discovered:
D:1:      tarquinn_simple_flora_water_a, layout_basic,
          dreamdust_ecumenical_altar_statues
D:2:      layout_loops_ring, basic_altar, serial_bayou_pond_a

Skill      XL: |  1  2 |
---------------+-------+-----
Unarmed Combat | 3 |  3.1
Fighting       | |  0.7
Dodging        | |  2.6
Spellcasting   | |  2.6
Transmutations | |  2.6

Action                   || total
-------------------------++-------
Melee: Mace              ||    39
       Unarmed           ||     4
 Stab: Sleeping          ||     1
Armor: Robe              ||    11
Dodge: Dodged            ||    56
